 Dungeon Crawl Stone Soup version 0.20.1-1-g8b1a95d (webtiles) character file.

167 jmlagarto the Grave Robber (level 5, -1/35 HPs)
             Began as a Human Necromancer on Aug 12, 2017.
             Was an Initiate of Dithmenos.
             Succumbed to an orc wizard's poison
             ... on level 4 of the Dungeon on Aug 13, 2017.
             The game lasted 00:24:34 (5335 turns).

jmlagarto the Grave Robber (Human Necromancer)      Turns: 5335, Time: 00:24:34

Health: -1/35      AC:  2    Str:  8 (9)  XL:     5   Next: 76%
Magic:  2/10       EV: 12    Int: 13 (16) God:    Dithmenos [......]
Gold:   141        SH:  0    Dex: 12 (13) Spells: 2/11 levels left

rFire    . . .     SeeInvis .   h - +0 quarterstaff
rCold    . . .     Gourm    .   (shield currently unavailable)
rNeg     . . .     Faith    .   a - +0 robe
rPois    .         Spirit   .   (no helmet)
rElec    .         Reflect  .   (no cloak)
rCorr    .         Harm     .   (no gloves)
MR       .....                  (no boots)
Stlth    ++........             (no amulet)
Regen    0.2/turn               (no ring)
MPRegen  0.2/turn               (no ring)

@: lethally poisoned (-1 -> -40), about to teleport
A: no striking features
a: Renounce Religion


You were on level 4 of the Dungeon.
You worshipped Dithmenos.
Dithmenos was noncommittal.
You were hungry.

You visited 1 branch of the dungeon, and saw 4 of its levels.

You collected 141 gold pieces.

Inventory:

Hand Weapons
 e - a +0 dagger
 h - a +0 quarterstaff (weapon)
Armour
 a - a +0 robe (worn)
Scrolls
 f - a scroll of identify
 g - a scroll of remove curse
 o - 2 scrolls of random uselessness
Potions
 i - a potion of curing
 m - a potion of invisibility {unknown}
 n - 2 potions of cancellation {unknown}
 p - 3 potions of magic {unknown}
 q - a potion of might {unknown}
Books
 b - a book of Necromancy

   Spells                             Type                      Level
   a - Pain                           Necromancy                   1
   b - Animate Skeleton               Necromancy                   1
   c - Vampiric Draining              Necromancy                   3
   d - Regeneration                   Charms/Necromancy            3
   e - Animate Dead                   Necromancy                   4
   f - Control Undead                 Necromancy                   4
Comestibles
 d - a bread ration


   Skills:
 + Level 2.1 Dodging
 + Level 2.0 Stealth
 + Level 3.8 Spellcasting
 + Level 5.3 Necromancy


You had 2 spell levels left.
You knew the following spells:

 Your Spells              Type           Power        Failure   Level  Hunger
a - Pain                  Necr           ###.         2%          1    None
b - Animate Skeleton      Necr           N/A          2%          1    None
c - Animate Dead          Necr           N/A          24%         4    ####...
d - Vampiric Draining     Necr           ###.......   7%          3    ###....


Dungeon Overview and Level Annotations

Branches:
Dungeon (4/15)
 Temple: D:4-7

Altars:
Dithmenos
Zin


Message History

You are lethally poisoned!
You closely miss the orc wizard.
You feel sick. The orc wizard misses you.
The orc wizard hits you with a dagger of venom.
You are more poisoned.
You are feeling hungry.
You feel very sick.
The orc wizard hits you with a dagger of venom.
You are more poisoned.
You see here a falchion.
* * * LOW HITPOINT WARNING * * *
You feel very sick.
An orc comes into view. It is wielding a hand axe.
As you read the scroll of teleportation, it crumbles to dust.
You feel strangely unstable.
* * * LOW HITPOINT WARNING * * *
You feel very sick.
The orc wizard hits you with a dagger of venom.
* * * LOW HITPOINT WARNING * * *
The orc wizard completely misses you.
You die...

.+ ## ##. . .
#######.. .. <#
#.#>. ...# ..
....#.#.####..##.#
.........<.......
....#.#..###o.##.#
. # #..###.@...#
#....o.....#
##.#######.....
#.# ###. ..# ####


You could see an orc wizard and an orc.

Vanquished Creatures
  Robin (D:2)
  3 gnolls (D:3)
  5 adders
  A worm (D:2)
  A dart slug (D:2)
  2 leopard geckos (D:2)
  2 orcs
  A ball python (D:3)
  4 giant cockroaches
  11 goblins
  5 hobgoblins
  4 jackals
  2 quokkas
  7 bats
  6 frilled lizards
  3 kobolds
  14 rats
72 creatures vanquished.

Vanquished Creatures (collateral kills)
  4 goblins (D:2)
  A hobgoblin (D:1)
  2 kobolds
  A rat (D:2)
8 creatures vanquished.

Grand Total: 80 creatures vanquished

Notes
Turn   | Place    | Note
-------+----------+-------------------------------------------
     0 | D:1      | jmlagarto the Human Necromancer began the quest for the Orb.
     0 | D:1      | Reached XP level 1. HP: 13/13 MP: 3/3
     5 | D:1      | Learned a level 1 spell: Animate Skeleton
   300 | D:1      | Reached XP level 2. HP: 17/19 MP: 0/5
  1167 | D:2      | Reached XP level 3. HP: 14/24 MP: 0/6
  1710 | D:2      | Reached XP level 4. HP: 28/30 MP: 3/8
  1725 | D:2      | Killed Robin
  1818 | D:2      | Learned a level 4 spell: Animate Dead
  2390 | D:2      | Found a glowing silver altar of Zin.
  2390 | D:2      | Noticed an angel
  3204 | D:2      | Found a faded altar of an unknown god.
  3314 | D:2      | Reached XP level 5. HP: 35/35 MP: 8/10
  3903 | D:3      | Learned a level 3 spell: Vampiric Draining
  4036 | D:3      | Reached skill level 5 in Necromancy
  4952 | D:3      | Found a shadowy altar of Dithmenos.
  4978 | D:3      | Became a worshipper of Dithmenos the Shadowed
  5335 | D:4      | Succumbed to an orc wizard's poison

Skill      XL: |  1  2  3  4  5 |
---------------+----------------+-----
Spellcasting   | 3 |  3.8
Necromancy     | 5 |  5.3
Dodging        | |  2.1
Stealth        | |  2.0

Action                   |  1- 3 |  4- 6 || total
-------------------------+-------+-------++-------
Melee: Unarmed           |     1 |       ||     1
       Dagger            |     1 |    16 ||    17
       Quarterstaff      |       |     4 ||     4
 Cast: Pain              |    50 |    72 ||   122
       Animate Skeleton  |    19 |     1 ||    20
       Animate Dead      |       |    17 ||    17
       Vampiric Draining |       |     3 ||     3
  Use: Scroll            |       |     7 ||     7
       Potion            |       |     2 ||     2
  Eat: Chunk             |     2 |       ||     2
       Bread ration      |     1 |     1 ||     2
       Meat ration       |       |     1 ||     1
       Royal jelly       |       |     1 ||     1
Armor: Robe              |     6 |     9 ||    15
Dodge: Dodged            |    19 |    36 ||    55
